 Dungeon Crawl Stone Soup version 0.25-a0-366-g516bc45ae0 (webtiles) character file.

Game seed: 16137253697968729073, levelgen mode: deterministic

9950 Nixze the Destroyer (level 11, -8/95 HPs)
             Began as a Pale Draconian Conjurer on Jan 6, 2020.
             Was an Elder of Sif Muna.
             Mangled by a cyan ugly thing (17 damage)
             ... on level 11 of the Dungeon on Jan 8, 2020.
             The game lasted 00:45:18 (16994 turns).

Nixze the Destroyer (Pale Draconian Conjurer)      Turns: 16994, Time: 00:45:19

Health: -8/95      AC: 11    Str: 11    XL:     11   Next: 29%
Magic:  12/22      EV: 12    Int: 18    God:    Sif Muna [****..]
Gold:   360        SH:  6    Dex: 16    Spells: 3/24 levels left

rFire    . . .     SeeInvis .   A - +3 spear (vamp)
rCold    . . .     Gourm    .   C - +0 buckler
rNeg     . . .     Faith    .   (armour unavailable)
rPois    +         Spirit   .   (helmet restricted)
rElec    .         Reflect  .   (no cloak)
rCorr    .         Harm     .   (no gloves)
MR       .....                  v - +0 pair of boots
Stlth    ++........             (no amulet)
HPRegen  0.25/turn              r - ring "Qisuol" {AC+3 Dex+4}
MPRegen  0.18/turn              F - ring of poison resistance

@: no status effects
A: breathe steam, unfitting armour, cold-blooded, AC +7
a: Breathe Steam, Channel Magic, Forget Spell, Divine Exegesis, Renounce
Religion


You were on level 11 of the Dungeon.
You worshipped Sif Muna.
Sif Muna was greatly pleased with you.
You were hungry.

You visited 3 branches of the dungeon, and saw 13 of its levels.
You also visited: Ossuary.

You collected 580 gold pieces.
You spent 220 gold pieces at shops.

Inventory:

Hand Weapons
 a - a +1 dagger of pain
 d - a +3 scimitar of flaming
 A - a +3 vampiric spear (weapon)
Armour
 m - a +1 shield
 v - a +0 pair of boots (worn)
 C - a +0 buckler (worn)
Jewellery
 r - the ring "Qisuol" (left hand) {AC+3 Dex+4}
   (You took it off an orc on level 5 of the Dungeon)

   [ring of protection]

   It affects your AC (+3).
   It affects your dexterity (+4).
 y - an uncursed ring of resist corrosion
 D - an uncursed ring of fire
 F - a ring of poison resistance (right hand)
Wands
 u - a wand of acid (9)
 B - a wand of disintegration (17)
Scrolls
 c - 5 scrolls of identify
 e - 7 scrolls of remove curse
 g - 3 scrolls of magic mapping
 h - a scroll of blinking
 i - 3 scrolls of amnesia
 j - 3 scrolls of enchant weapon
 p - a scroll of fog
 q - 4 scrolls of teleportation
 x - 2 scrolls of enchant armour
 E - 2 scrolls of silence
Potions
 f - 3 potions of ambrosia
 k - a potion of brilliance
 l - 8 potions of curing
 o - 3 potions of haste
 s - 4 potions of flight
 t - a potion of lignification
 w - a potion of might
 z - 3 potions of cancellation
Comestibles
 b - 12 rations


   Skills:
 + Level 8.5 Fighting
 - Level 1.7 Dodging
 - Level 1.7 Stealth
 + Level 7.3 Shields
 + Level 7.4 Spellcasting
 * Level 9.1 Conjurations
 * Level 5.5 Charms
 * Level 6.6 Fire Magic


You had 3 spell levels left.
You knew the following spells:

 Your Spells              Type           Power        Failure   Level  Hunger
a - Magic Dart            Conj           ####         1%          1    None
b - Searing Ray           Conj           #####.       1%          2    None
c - Dazzling Flash        Conj/Hex       ###...       4%          3    #......
d - Iskenderun's Mystic   Conj/Tloc      ###.....     16%         4    ###....
e - Ring of Flames        Chrm/Fire      ####......   100%        7    #######
f - Fulminant Prism       Conj/Hex       ###.......   16%         4    ###....

Your spell library contained the following spells:

 Spells                   Type           Power        Failure   Level  Hunger
 Conjure Flame            Conj/Fire      #####...     1%          3    #......
 Mephitic Cloud           Conj/Pois/Air  ###.....     9%          3    #......
 Beastly Appendage        Tmut           #.....       11%         1    None
 Poisonous Vapours        Pois/Air       #.....       16%         2    None
 Sticks to Snakes         Tmut           #.......     16%         2    None
 Sublimation of Blood     Necr           #.........   16%         2    None
 Spider Form              Tmut/Pois      #.........   30%         3    #......
 Ice Form                 Ice/Tmut       #.......     71%         4    ###....
 Petrify                  Tmut/Erth      #.......     71%         4    ###....
 Blade Hands              Tmut           #.........   96%         5    #####..
 Freezing Cloud           Conj/Ice/Air   ###.......   99%         6    ######.
 Shatter                  Erth           #.........   100%        9    #######


Dungeon Overview and Level Annotations

Branches:
Dungeon (11/15)            Temple (1/1) D:7            Lair (1/6) D:8
    Orc (0/2) D:9         Ossuary (visited)

Altars:
Ashenzari
Cheibriados
Dithmenos
Elyvilon
Fedhas
Gozag
Hepliaklqana
Kikubaaqudgha
Makhleb
Nemelex Xobeh
Okawaru
Qazlal
Ru
Sif Muna
Trog
Uskayaw
Vehumet
Wu Jian
Xom
Yredelemnul
Zin
The Shining One
Beogh

Shops:
D:8 =

Annotations:
D:8 Harold
Lair:1 Sonja


Innate Abilities, Weirdness & Mutations

You can breathe blasts of scalding, opaque steam.
Your pale cyan-grey scales are hard. (AC +7)
You cannot fit into any form of body armour.
You are cold-blooded and may be slowed by cold attacks.


Message History

The cyan ugly thing pecks you! The cyan ugly thing shocks you!
The searing ray misses the cyan ugly thing.
The cyan ugly thing pecks you.
* * * LOW HITPOINT WARNING * * *
The cyan ugly thing shocks you!
* * * LOW HITPOINT WARNING * * *
The searing ray hits the cyan ugly thing!
The cyan ugly thing is almost dead.
The searing ray hits the centaur!
The centaur is moderately wounded.
You finish channeling your searing ray.
A centaur comes into view.
The cyan ugly thing pecks you but does no damage.
Okay, then.
A centaur comes into view.
There is a stone staircase leading up, spattered with blood here.
The cyan ugly thing pecks you.
* * * LOW HITPOINT WARNING * * *
The cyan ugly thing shocks you!
You die...

.#.# #..#.# ...###.##.# #
#.cu......#.###
..c...††...cc..
...####<.(......####
...###.....c..cc...## ##..
.#..##.###########..#....#
##..##.# #########....#
##÷.##.###......@uc####
#..........#####...#
...##..###........########
...##..###...>.##.........
...............###########
##########.....# # #######


You could see a cyan ugly thing and a centaur.

Vanquished Creatures
  Erica (D:8)
  A tengu warrior (D:10)
  Pikel (D:5)
  Joseph (D:10)
  Grinder (D:3)
  3 hippogriffs
  A steam dragon (D:8)
  3 wyverns
  A hungry ghost (D:11)
  An acid dragon (D:11)
  A water moccasin (D:8)
  A slave (D:5)
  4 ice beasts
  7 orc warriors
  2 eyes of draining
  10 ogres
  2 black bears
  A necrophage (D:8)
  3 phantoms
  A sky beast (D:10)
  5 wolves (Lair:1)
  A big kobold (D:10)
  A bullfrog (Lair:1)
  A gnoll sergeant (D:6)
  A wyvern zombie (D:11)
  6 scorpions
  A wyvern skeleton (D:7)
  4 howler monkeys
  3 crimson imps
  7 centaur zombies
  7 orc priests
  6 jellies
  3 centaur skeletons
  7 hounds
  18 orc wizards
  A bullfrog skeleton (D:5)
  3 iguanas
  7 worker ants
  A killer bee zombie (D:9)
  5 big kobold zombies (Ossuary)
  2 hound skeletons
  2 hound zombies (D:8)
  5 mummies (Ossuary)
  2 worker ant zombies
  A howler monkey zombie (D:8)
  7 gnolls
  A howler monkey skeleton (D:8)
  11 adders
  6 shadow imps
  An adder zombie (D:6)
  An adder skeleton (D:6)
  A worm (D:4)
  2 dart slugs (D:2)
  6 leopard geckos
  76 orcs
  2 ball pythons
  6 giant cockroaches
  7 goblins
  8 hobgoblins
  14 jackals
  7 kobolds
  8 quokkas
  6 bats
  7 frilled lizards
  2 hobgoblin zombies (Ossuary)
  3 leopard gecko skeletons
  A leopard gecko zombie (D:5)
  3 rats
332 creatures vanquished.

Vanquished Creatures (others)
  A wolf (Lair:1)
  14 fulminant prisms
15 creatures vanquished.

Grand Total: 347 creatures vanquished

Notes
Turn   | Place    | Note
-------+----------+-------------------------------------------
     0 | D:1      | Nixze the Draconian Conjurer began the quest for the Orb.
     0 | D:1      | Reached XP level 1. HP: 14/14 MP: 3/3
   353 | D:1      | Reached XP level 2. HP: 22/22 MP: 3/5
   378 | D:1      | Learned a level 2 spell: Searing Ray
   445 | D:1      | Reached skill level 1 in Fighting
   996 | D:2      | Reached XP level 3. HP: 25/29 MP: 0/7
  1263 | D:2      | Reached XP level 4. HP: 36/36 MP: 3/8
  1330 | D:2      | Learned a level 3 spell: Dazzling Flash
  2200 | D:3      | Noticed Grinder
  2547 | D:3      | Reached skill level 1 in Shields
  2697 | D:3      | Reached XP level 5. HP: 42/42 MP: 5/9
  3266 | D:3      | Reached skill level 5 in Conjurations
  3551 | D:4      | Noticed an ogre
  3564 | D:4      | Noticed an ogre
  3607 | D:4      | Killed an ogre
  3607 | D:4      | Reached XP level 6. HP: 51/51 MP: 1/11
  3826 | D:4      | Found a shimmering altar of Xom.
  3827 | D:4      | Found a shimmering altar of Xom.
  3831 | D:4      | Found a shimmering altar of Xom.
  4046 | D:4      | Learned a level 4 spell: Iskenderun's Mystic Blast
  4169 | D:4      | Your scales start taking on a pale cyan-grey colour.
  4169 | D:4      | Reached XP level 7. HP: 57/59 MP: 6/13
  4465 | D:5      | Entered Level 5 of the Dungeon
  4751 | D:5      | Reached skill level 6 in Conjurations
  4913 | D:5      | Identified the Almanac of Ashen Black Magic
  5311 | D:5      | Reached skill level 5 in Fighting
  5311 | D:5      | Reached XP level 8. HP: 68/68 MP: 8/15
  5368 | D:5      | Identified the ring "Qisuol" {AC+3 Dex+4}
  5611 | D:5      | Noticed Pikel
  5917 | D:3      | Killed Grinder
  5917 | D:3      | Reached skill level 5 in Spellcasting
  6178 | D:5      | Killed Pikel
  6178 | D:5      | Reached skill level 5 in Shields
  6178 | D:5      | Reached skill level 7 in Conjurations
  7152 | D:6      | Found a snail-covered altar of Cheibriados.
  7323 | D:6      | Reached XP level 9. HP: 50/78 MP: 3/17
  7456 | D:6      | Found an iron altar of Okawaru.
  8459 | D:7      | Found a staircase to the Ecumenical Temple.
  8494 | Temple   | Entered the Ecumenical Temple
  8513 | Temple   | Became a worshipper of Sif Muna the Loreminder
  8940 | D:7      | Learned a level 7 spell: Ring of Flames
  9144 | D:8      | Found a sand-covered staircase.
  9154 | Ossuary  | Entered an ossuary
  9175 | Ossuary  | Reached skill level 1 in Fire Magic
  9189 | Ossuary  | Reached skill level 1 in Charms
  9201 | Ossuary  | Reached * piety under Sif Muna
  9829 | D:8      | Found Emyckis's Jewellery Emporium.
  9840 | D:8      | Reached skill level 8 in Conjurations
 10095 | D:8      | Bought an uncursed ring of poison resistance for 220 gold
                  | pieces
 10408 | D:8      | Noticed Harold
 10411 | D:8      | Reached XP level 10. HP: 74/86 MP: 9/19
 10616 | D:8      | HP: 4/86 [Harold/harpoon shot (11)]
 11077 | D:8      | Found a staircase to the Lair.
 11080 | D:8      | Noticed Erica
 11092 | D:8      | Killed Erica
 11224 | D:8      | HP: 4/88 [orc warrior/+0 glaive (16)]
 11745 | D:9      | Learned a level 4 spell: Fulminant Prism
 13037 | D:9      | Reached ** piety under Sif Muna
 13214 | D:9      | Found a staircase to the Orcish Mines.
 13226 | D:9      | Found a roughly hewn altar of Beogh.
 13229 | D:9      | Reached skill level 5 in Fire Magic
 14283 | D:10     | Entered Level 10 of the Dungeon
 14357 | D:10     | Reached *** piety under Sif Muna
 14599 | D:10     | Noticed Joseph
 14828 | D:10     | Killed Joseph
 15366 | D:10     | Reached XP level 11. HP: 83/94 MP: 10/21
 15368 | D:10     | Reached skill level 5 in Charms
 15644 | D:11     | Noticed a tengu warrior
 15815 | Lair:1   | Entered Level 1 of the Lair of Beasts
 15834 | Lair:1   | Noticed Sonja
 16106 | D:10     | Killed a tengu warrior
 16409 | D:11     | Reached skill level 9 in Conjurations
 16627 | D:11     | Reached **** piety under Sif Muna
 16855 | D:11     | Noticed a cyan ugly thing
 16994 | D:11     | Mangled by a cyan ugly thing

Levels and vault maps discovered:
D:1:      lightli_arrival_lavapool, layout_rooms
D:2:      layout_loops_ring, first_ration, kennysheep_nondescript,
          minmay_misc_feat_square, minmay_tripent
D:3:      layout_loops_ring, uniq_grinder
D:4:      layout_cave_pools, kennysheep_pointless_box, xom_redecorated
D:5:      layout_basic, grunt_ministairs_13, uniq_pikel
D:6:      layout_rooms, kennysheep_mini, basic_altar, minmay_liquid_box,
          kennysheep_generic_room_8
D:7:      layout_cave_pools, minmay_temple_entry_glass
D:8:      layout_basic, dpeg_oklobed_lair, nicolae_ossuary_entry_plus,
          serial_shops, shop, uniq_erica, uniq_harold
D:9:      layout_roguey, minmay_orc_entry_temple_small, special_room
          [special_room_orc]
D:10:     layout_basic, uniq_joseph
D:11:     layout_rooms
Temple:   grunt_wide_crystal_templ
Lair:1:   layout_small_grid, grunt_megastairs_1, uniq_sonja

Skill      XL: |  1  2  3  4  5  6  7  8  9 10 11 |
---------------+----------------------------------+-----
Fighting       | 2 3 4 5 6 7 8 |  8.5
Spellcasting   | 3 4 5 6 7 |  7.4
Shields        | 1 2 4 5 6 7 |  7.3
Conjurations   | 5 6 7 8 9 |  9.1
Fire Magic     | 3 6 |  6.6
Charms         | 2 4 5 |  5.5
Dodging        | |  1.7
Stealth        | |  1.7

Action                   |  1- 3 |  4- 6 |  7- 9 | 10-12 || total
-------------------------+-------+-------+-------+-------++-------
Melee: Mace              |     9 |     5 |       |       ||    14
       Tailslap          |     1 |     2 |     7 |     5 ||    15
       Dagger            |       |    16 |    28 |       ||    44
       Spear             |       |       |    27 |    53 ||    80
 Cast: Magic Dart        |    53 |   118 |   348 |   346 ||   865
       Searing Ray       |       |     8 |    26 |    43 ||    77
       Dazzling Flash    |       |     2 |     5 |     6 ||    13
       Fulminant Prism   |       |       |       |    14 ||    14
       Iskenderun's Myst |       |       |       |     2 ||     2
 Abil: Breathe Steam     |       |       |     6 |     4 ||    10
Evoke: Wand              |       |       |       |     2 ||     2
  Use: Scroll            |       |     6 |     8 |     8 ||    22
       Potion            |       |       |     4 |     2 ||     6
  Eat: Chunk             |     2 |     9 |    13 |    16 ||    40
       Ration            |       |       |     2 |     2 ||     4
Armor: Skin              |     5 |     9 |    68 |   113 ||   195
Dodge: Dodged            |    10 |    33 |    93 |   189 ||   325
Block: Buckler           |       |       |    37 |   107 ||   144

Table legend:
 A = Non-vault XP
 B = Vault XP
 C = Vault XP percentage of total XP
 D = Non-vault monster count
 E = Vault monster count
 F = Vault count percentage of total count
                 A         B        C        D         E       F
            +---------+---------+-------+---------+---------+-------
      Total |   10370 |    3845 |  27.0 |     268 |      64 |  19.3
            +---------+---------+-------+---------+---------+-------
        D:1 |      14 |       0 |   0.0 |       9 |       0 |   0.0
        D:2 |     113 |       3 |   2.6 |      19 |       2 |   9.5
        D:3 |     117 |     272 |  69.9 |      31 |       1 |   3.1
        D:4 |     624 |       0 |   0.0 |      16 |       0 |   0.0
        D:5 |     793 |     646 |  44.9 |      34 |       7 |  17.1
        D:6 |     616 |       2 |   0.3 |      17 |       1 |   5.6
        D:7 |     544 |       0 |   0.0 |      24 |       0 |   0.0
        D:8 |    1875 |    1041 |  35.7 |      32 |       4 |  11.1
        D:9 |    1046 |     932 |  47.1 |      37 |      30 |  44.8
       D:10 |    2560 |     445 |  14.8 |      24 |       1 |   4.0
       D:11 |    1293 |       0 |   0.0 |      18 |       0 |   0.0
     Lair:1 |     775 |       0 |   0.0 |       7 |       0 |   0.0
    Ossuary |       0 |     504 | 100.0 |       0 |      18 | 100.0
            +---------+---------+-------+---------+---------+-------
